 Dungeon Crawl Stone Soup version 0.30.1-11-g7821555f0a (webtiles) character file.

Game seed: 10392576539666595644

98 H0rd4k the Charlatan (level 5, -2/39 HPs)
             Began as a Human Artificer on Dec 18, 2023.
             Slain by a gnoll
             ... wielding a +0 flail
              (9 damage)
             ... on level 3 of the Dungeon.
             The game lasted 00:01:45 (2028 turns).

H0rd4k the Charlatan (Human Artificer)              Turns: 2028, Time: 00:01:46

Health: -2/39      AC:  4    Str: 12    XL:     5   Next: 1%
Magic:  5/5        EV: 12    Int: 13    God:
Gold:   154        SH:  0    Dex: 14    Spells: 4/4 levels left

rFire   . . .        g - +2 hand axe (heavy)
rCold   . . .        (no shield)
rNeg    . . .        b - +0 leather armour
rPois   .            (no helmet)
rElec   .            (no cloak)
rCorr   .            (no gloves)
SInv    .            l - +0 pair of boots
Will    .....        (no amulet)
Stlth   +            (no ring)
HPRegen 0.26/turn    (no ring)
MPRegen 0.09/turn

%: no passive effects
@: no status effects
A: no striking features
a: no special abilities


You were on level 3 of the Dungeon.
You visited 1 branch of the dungeon, and saw 3 of its levels.

You collected 154 gold pieces.

Inventory:

Hand Weapons
 g - a +2 heavy hand axe (weapon)
Missiles
 p - 6 poisoned darts
Armour
 b - a +0 leather armour (worn)
 l - a +0 pair of boots (worn)
Wands
 c - a wand of flame (15) (quivered)
 d - a wand of charming (14)
 e - a wand of iceblast (4)
Scrolls
 a - a scroll of fog {unknown}
 n - a scroll of enchant armour {unknown}
 o - a scroll of identify {unknown}
 r - a scroll of enchant weapon {unknown}
Potions
 f - a potion of cancellation {unknown}
 h - a potion of brilliance {unknown}
 i - 4 potions of curing {unknown}
 j - a potion of resistance {unknown}
 k - a potion of heal wounds {unknown}
 m - 2 potions of berserk rage {unknown}
 q - a potion of mutation {unknown}


   Skills:
 + Level 2.6 Fighting
 - Level 2.3 Axes
 - Level 2.0 Armour
 + Level 2.3 Dodging
 - Level 1.0 Stealth
 - Level 3.0 Evocations


You had 4 spell levels left.
You didn't know any spells.
Your spell library contained the following spells:

 Spells                   Type           Power      Damage    Failure   Level
 Summon Small Mammal      Summ           0%         N/A       36%         1
 Call Canine Familiar     Summ           0%         N/A       75%         3
 Summon Guardian Golem    Hex/Summ       0%         N/A       75%         3


Dungeon Overview and Level Annotations

Branches:
Dungeon (3/15)

Altars:
Okawaru
Zin

Annotations:
D:2 Robin


Message History

The hobgoblin hits you.
There are monsters nearby!
There are monsters nearby!
You hit the hobgoblin but do no damage. The hobgoblin barely misses you.
The hobgoblin closely misses you.
A gnoll comes into view. It is wielding a +0 whip.
The gnoll shouts!
You hit the hobgoblin.
The hobgoblin is moderately wounded.
The hobgoblin hits you.
You closely miss the hobgoblin.
The hobgoblin is moderately wounded.
The hobgoblin closely misses you. The hobgoblin misses you.
You barely miss the hobgoblin.
The hobgoblin is moderately wounded.
The hobgoblin barely misses you. The hobgoblin closely misses you.
You slash the hobgoblin!
You kill the hobgoblin!
A gnoll comes into view. It is wielding a +0 flail.
You hit the gnoll.
The gnoll is lightly wounded.
The gnoll hits you but does no damage. The gnoll barely misses you.
You hit the gnoll.
The gnoll is moderately wounded.
The gnoll closely misses you.
You hit the gnoll.
The gnoll is moderately wounded.
The gnoll completely misses you. The gnoll hits you with a +0 whip.
You slash the gnoll!
You kill the gnoll!
The gnoll hits you with a +0 flail.
You have reached level 5!
You barely miss the gnoll. The gnoll hits you with a +0 flail! x2
* * * LOW HITPOINT WARNING * * *
You hit the gnoll.
The gnoll is moderately wounded.
The gnoll hits you with a +0 flail.
* * * LOW HITPOINT WARNING * * *
The gnoll hits you with a +0 flail!
You die...

####.###.#...#..#
...#####...##
...#.# #.##.##..#
#..######....
##...###........#
............#
#....#####.....#
..########.##
##.#### #.#####
#.# #.##.# #.##.#
#.# #.##.# #....#
# #.# ##.##.#
####.###.#####
#.# #.....#
#..@gg..... #.#
#...###
#####..#### #.##
#...# .# #. #...
##...#### #
#.#######.
........###
≈≈≈≈## #.
...>........ #
8≈≈≈# #)
........#### #≈
._≈# #. ##...####
#≈≈+++≈≈ #.
##...#
###⌠⌠.⌠⌠####.


You could see 2 gnolls.

Vanquished Creatures
  A gnoll (D:3)
  2 adders
  2 worms (D:2)
  7 orcs
  6 ball pythons
  4 bats
  3 endoplasms
  2 giant cockroaches
  8 goblins
  5 hobgoblins
  4 frilled lizards
  4 kobolds
  7 rats
55 creatures vanquished.

Vanquished Creatures (others)
  An endoplasm (D:2)
1 creature vanquished.

Grand Total: 56 creatures vanquished

Notes
Turn   | Place    | Note
-------+----------+-------------------------------------------
     0 | D:1      | H0rd4k the Human Artificer began the quest for the Orb.
     0 | D:1      | Reached XP level 1. HP: 15/15 MP: 1/1
   214 | D:1      | Reached XP level 2. HP: 19/21 MP: 2/2
   281 | D:1      | Reached skill level 1 in Axes
   549 | D:1      | Reached XP level 3. HP: 22/26 MP: 3/3
  1043 | D:2      | Reached XP level 4. HP: 3/33 MP: 4/4
  1462 | D:2      | Noticed Robin
  1739 | D:3      | Found a glowing silver altar of Zin.
  1993 | D:3      | Found an iron altar of Okawaru.
  2027 | D:3      | Reached XP level 5. HP: 29/39 MP: 5/5
  2028 | D:3      | Slain by a gnoll

Illustrated notes

Levels and vault maps discovered:
D:1:      saegor_arrival_simple_a, layout_loops_corners
D:2:      layout_loops_cross, nicolae_figureground_pulse, uniq_robin
D:3:      cheibrodos_greedy_goblins, layout_loops_ring, good_gods_mini_temple,
          nicolae_overflow_crystal_walls

Skill      XL: |  1  2  3  4 |
---------------+-------------+-----
Axes           | 1 2 |  2.3
Fighting       | 2 |  2.6
Dodging        | 2 |  2.3
Armour         | |  2.0
Stealth        | |  1.0
Evocations     | |  3.0

Action                     |  1- 3 |  4- 6 || total
---------------------------+-------+-------++-------
  Melee: Hand axe          |    49 |    55 ||   104
  Evoke: Wand              |     2 |       ||     2
   Stab: Sleeping          |     4 |     2 ||     6
 Armour: Leather armour    |    26 |    17 ||    43
  Dodge: Dodged            |    36 |    33 ||    69
